 Dungeon Crawl Stone Soup version 0.31-a0-239-g0a1456f148 (webtiles) character file.

Game seed: 3962720403128181896

102 qw the Shooter (level 4, -1/26 HPs)
             Began as a Gargoyle Hexslinger on July 11, 2023.
             Was an Initiate of Okawaru.
             Slain by a kobold
             ... wielding a +0 short sword
              (3 damage)
             ... on level 3 of the Dungeon.
             The game lasted 00:02:19 (2280 turns).

qw the Shooter (Gargoyle Hexslinger)                Turns: 2280, Time: 00:02:20

Health: -1/26      AC:  0    Str: 12      XL:     4   Next: 77%
Magic:  5/5        EV: 14    Int: 12 (13) God:    Okawaru [......]
Gold:   62         SH:  0    Dex: 14      Spells: 4/5 levels left

rFire   . . .        Y - melded +1 sling
rCold   . . .        (shield currently unavailable)
rNeg    + . .        h - melded +0 ring mail
rPois   inf          (helmet currently unavailable)
rElec   .            (cloak currently unavailable)
rCorr   .            (gloves currently unavailable)
SInv    .            (boots currently unavailable)
Will    .....        (no amulet)
Stlth   +            (ring currently unavailable)
HPRegen 0.24/turn    (ring currently unavailable)
MPRegen 0.09/turn

%: no passive effects
@: pig-form, very quick
A: fast, no casting, sickness immunity, AC +3, small, negative energy resistance
1, (electricity resistance), torment resistance 1, petrification resistance
a: Renounce Religion


You were on level 3 of the Dungeon.
You worshipped Okawaru.
Okawaru was noncommittal.
You were a filthy swine.
You visited 1 branch of the dungeon, and saw 3 of its levels.

You collected 106 gold pieces.
You spent 44 gold pieces at shops.


Innate Abilities, Weirdness & Mutations

You are a filthy swine.
You move quickly.
Your equipment is almost entirely melded.
You are incapable of wielding weapons or throwing items.
You cannot cast spells.
You are immune to sickness and miasma.
((Your stone body is resilient. (AC +3)))
You are immune to poison.
You resist negative energy. (rN+)
((You are resistant to electric shocks. (rElec)))
You are resistant to unholy torment.
You are immune to petrification.


   Skills:
 - Level 2.0 Fighting
 + Level 4.2 Ranged Weapons
 - Level 1.3 Armour
 - Level 1.5 Dodging
 - Level 1.0 Spellcasting
 - Level 2.6 Hexes


You had 4 spell levels left.
You knew the following spells:

 Your Spells              Type           Power      Damage    Failure   Level
a - Slow                  Hex            28%        N/A       10%         1

Your spell library contained the following spells:

 Spells                   Type           Power      Damage    Failure   Level
 Inner Flame              Hex/Fire       3%         N/A       45%         3
 Portal Projectile        Hex/Tloc       6%         N/A       45%         3
 Cause Fear               Hex            3%         N/A       69%         4

Inventory:

Hand Weapons
 Y - a +1 sling (melded)
Armour
 a - a +0 pair of gloves
 d - a +0 helmet
 h - a +0 ring mail (melded)
Scrolls
 f - a scroll of identify
Potions
 c - a potion of mutation {unknown}
 g - a potion of might
 i - a potion of lignification {unknown}

Dungeon Overview and Level Annotations

Branches:
Dungeon (3/15)

Altars:
Okawaru

Shops:
D:1 :   D:2 [

Annotations:
D:3 Ijyb


Message History

2262 ||| FLEEEEING.
2263 ||| FLEEEEING.
2264 ||| FLEEEEING.
2265 ||| FLEEEEING.
2266 ||| FLEEEEING.
Your surroundings suddenly seem different.
Found 6 poisoned darts.
Enter note:
2267 ||| STILL FLEEEEING.
2268 ||| STILL FLEEEEING.
A kobold comes into view. It is wielding a +0 short sword.
2269 ||| FLEEEEING.
2270 ||| FLEEEEING.
2271 ||| FLEEEEING.
The kobold shouts!
2272 ||| FLEEEEING.
The kobold hits you with a +0 short sword.
2273 ||| FLEEEEING.
Ijyb shouts!
The kobold hits you with a +0 short sword.
2274 ||| FLEEEEING.
2275 ||| FLEEEEING.
The kobold throws a stone.
The stone hits you.
You hit Ijyb but do no damage.
Ijyb is lightly wounded.
Ijyb hits you with a +0 dagger.
The kobold throws a stone.
The stone misses you.
You barely miss Ijyb.
Ijyb is lightly wounded.
Ijyb misses you.
You hit Ijyb.
Ijyb is moderately wounded.
Ijyb hits you with a +0 dagger!
You hit Ijyb.
Ijyb is moderately wounded.
Ijyb barely misses you. The kobold misses you.
You barely miss Ijyb.
Ijyb is moderately wounded.
Ijyb hits you with a +0 dagger.
The kobold hits you with a +0 short sword.
You die...

..# #......##..#
#.# ####.####..#
#.# #.##....# # #
#. #.##.# #
#.##.##.#
#.......#
##.#.##.#
#.#g##.# #.#.h..#
#.###K.# #.###..#
#......# ########
#####.## #......#
..# ###.#####
#.####.#
#....####.......#
#.####.#
............##..#
#.#.....
.(#..####.####..#
#.#.##.#


You could see Ijyb and a kobold.

Vanquished Creatures
  3 adders
  A gnoll (D:1)
  3 worms (D:2)
  A dart slug (D:2)
  4 endoplasms
  5 giant cockroaches
  7 hobgoblins
  2 jackals (D:2)
  3 kobolds
  2 quokkas
  3 ball pythons (D:1)
  6 bats
  A frilled lizard (D:2)
  4 goblins
  5 rats
50 creatures vanquished.

Notes
Turn   | Place    | Note
-------+----------+-------------------------------------------
     0 | D:1      | qw the Gargoyle Hexslinger began the quest for the Orb.
     0 | D:1      | Reached XP level 1. HP: 12/12 MP: 2/2
     0 | D:1      | 0 ||| qw: Version: 0.3-a-52-g30416fa
     0 | D:1      | 0 ||| qw: Game counter: 5902
     0 | D:1      | 0 ||| qw: Melee chars always use a shield: true
     0 | D:1      | 0 ||| qw: God list: Okawaru
     0 | D:1      | 0 ||| qw: Allow faded altars: false
     0 | D:1      | 0 ||| qw: Do Orc after clearing Dungeon:15 true
     0 | D:1      | 0 ||| qw: Do second Lair branch before Depths: true
     0 | D:1      | 0 ||| qw: Lair rune preference: random
     0 | D:1      | 0 ||| qw: Goals: Normal
     0 | D:1      | 0 ||| PLANNING D:1-11
   119 | D:1      | You fall into a shaft and drop 1 floor!
   120 | D:2      | 120 ||| READING 2 scrolls labelled TUAXTE DEAT.
   129 | D:2      | Reached XP level 2. HP: 16/16 MP: 3/3
   129 | D:2      | 129 ||| DRINKING 2 murky green potions.
   130 | D:2      | 130 ||| DROPPING scroll of poison.
   131 | D:2      | 131 ||| DROPPING potion of degeneration.
   132 | D:2      | 132 ||| Stepping randomly (stuck).
   133 | D:2      | 133 ||| Stepping randomly (stuck).
   134 | D:2      | 134 ||| Stepping randomly (stuck).
   135 | D:2      | 135 ||| Stepping randomly (stuck).
   136 | D:2      | 136 ||| Stepping randomly (stuck).
   137 | D:2      | 137 ||| Stepping randomly (stuck).
   138 | D:2      | 138 ||| Stepping randomly (stuck).
   139 | D:2      | 139 ||| Stepping randomly (stuck).
   140 | D:2      | 140 ||| Stepping randomly (stuck).
   141 | D:2      | 141 ||| Stepping randomly (stuck).
   153 | D:2      | HP: 4/16 [worm (3)]
   154 | D:2      | 154 ||| READING scroll of teleportation.
   206 | D:2      | 206 ||| Stepping randomly (stuck).
   207 | D:2      | 207 ||| Stepping randomly (stuck).
   208 | D:2      | 208 ||| Stepping randomly (stuck).
   209 | D:2      | 209 ||| Stepping randomly (stuck).
   210 | D:2      | 210 ||| Stepping randomly (stuck).
   211 | D:2      | 211 ||| Stepping randomly (stuck).
   212 | D:2      | 212 ||| Stepping randomly (stuck).
   213 | D:2      | 213 ||| Stepping randomly (stuck).
   214 | D:2      | 214 ||| Stepping randomly (stuck).
   215 | D:2      | 215 ||| Stepping randomly (stuck).
   216 | D:2      | 216 ||| Stepping randomly (stuck).
   217 | D:2      | 217 ||| Stepping randomly (stuck).
   218 | D:2      | 218 ||| Stepping randomly (stuck).
   219 | D:2      | 219 ||| Stepping randomly (stuck).
   220 | D:2      | 220 ||| Stepping randomly (stuck).
   221 | D:2      | 221 ||| Stepping randomly (stuck).
   222 | D:2      | 222 ||| Stepping randomly (stuck).
   223 | D:2      | 223 ||| Stepping randomly (stuck).
   224 | D:2      | 224 ||| Stepping randomly (stuck).
   225 | D:2      | 225 ||| Stepping randomly (stuck).
   226 | D:2      | 226 ||| Stepping randomly (stuck).
   227 | D:2      | 227 ||| Stepping randomly (stuck).
   228 | D:2      | 228 ||| Stepping randomly (stuck).
   229 | D:2      | 229 ||| Stepping randomly (stuck).
   230 | D:2      | 230 ||| Stepping randomly (stuck).
   231 | D:2      | 231 ||| Stepping randomly (stuck).
   232 | D:2      | 232 ||| Stepping randomly (stuck).
   233 | D:2      | 233 ||| Stepping randomly (stuck).
   234 | D:2      | 234 ||| Stepping randomly (stuck).
   235 | D:2      | 235 ||| Stepping randomly (stuck).
   236 | D:2      | 236 ||| Stepping randomly (stuck).
   237 | D:2      | 237 ||| Stepping randomly (stuck).
   238 | D:2      | 238 ||| Stepping randomly (stuck).
   239 | D:2      | 239 ||| Stepping randomly (stuck).
   240 | D:2      | 240 ||| Stepping randomly (stuck).
   241 | D:2      | 241 ||| Stepping randomly (stuck).
   242 | D:2      | 242 ||| Stepping randomly (stuck).
   243 | D:2      | 243 ||| Stepping randomly (stuck).
   244 | D:2      | 244 ||| Stepping randomly (stuck).
   245 | D:2      | 245 ||| Stepping randomly (stuck).
   246 | D:2      | 246 ||| Stepping randomly (stuck).
   247 | D:2      | 247 ||| Stepping randomly (stuck).
   248 | D:2      | 248 ||| Stepping randomly (stuck).
   249 | D:2      | 249 ||| Stepping randomly (stuck).
   250 | D:2      | 250 ||| Stepping randomly (stuck).
   251 | D:2      | 251 ||| Stepping randomly (stuck).
   252 | D:2      | 252 ||| Stepping randomly (stuck).
   253 | D:2      | 253 ||| Stepping randomly (stuck).
   254 | D:2      | 254 ||| Stepping randomly (stuck).
   255 | D:2      | 255 ||| Stepping randomly (stuck).
   256 | D:2      | 256 ||| Stepping randomly (stuck).
   257 | D:2      | 257 ||| Stepping randomly (stuck).
   258 | D:2      | 258 ||| Stepping randomly (stuck).
   259 | D:2      | 259 ||| Stepping randomly (stuck).
   260 | D:2      | 260 ||| Stepping randomly (stuck).
   261 | D:2      | 261 ||| Stepping randomly (stuck).
   262 | D:2      | 262 ||| Stepping randomly (stuck).
   263 | D:2      | 263 ||| Stepping randomly (stuck).
   264 | D:2      | 264 ||| Stepping randomly (stuck).
   265 | D:2      | 265 ||| Stepping randomly (stuck).
   266 | D:2      | 266 ||| Stepping randomly (stuck).
   267 | D:2      | 267 ||| Stepping randomly (stuck).
   268 | D:2      | 268 ||| Stepping randomly (stuck).
   269 | D:2      | 269 ||| Stepping randomly (stuck).
   270 | D:2      | 270 ||| Stepping randomly (stuck).
   271 | D:2      | 271 ||| Stepping randomly (stuck).
   272 | D:2      | 272 ||| Stepping randomly (stuck).
   273 | D:2      | 273 ||| Stepping randomly (stuck).
   274 | D:2      | 274 ||| Stepping randomly (stuck).
   275 | D:2      | 275 ||| Stepping randomly (stuck).
   276 | D:2      | 276 ||| Stepping randomly (stuck).
   277 | D:2      | 277 ||| Stepping randomly (stuck).
   278 | D:2      | 278 ||| Stepping randomly (stuck).
   279 | D:2      | 279 ||| Stepping randomly (stuck).
   280 | D:2      | 280 ||| Stepping randomly (stuck).
   281 | D:2      | 281 ||| Stepping randomly (stuck).
   282 | D:2      | 282 ||| Stepping randomly (stuck).
   283 | D:2      | 283 ||| Stepping randomly (stuck).
   284 | D:2      | 284 ||| Stepping randomly (stuck).
   285 | D:2      | 285 ||| Stepping randomly (stuck).
   286 | D:2      | 286 ||| Stepping randomly (stuck).
   287 | D:2      | 287 ||| Stepping randomly (stuck).
   288 | D:2      | 288 ||| Stepping randomly (stuck).
   289 | D:2      | 289 ||| Stepping randomly (stuck).
   290 | D:2      | 290 ||| Stepping randomly (stuck).
   291 | D:2      | 291 ||| Stepping randomly (stuck).
   292 | D:2      | 292 ||| Stepping randomly (stuck).
   293 | D:2      | 293 ||| Stepping randomly (stuck).
   294 | D:2      | 294 ||| Stepping randomly (stuck).
   295 | D:2      | 295 ||| Stepping randomly (stuck).
   296 | D:2      | 296 ||| Stepping randomly (stuck).
   297 | D:2      | 297 ||| Stepping randomly (stuck).
   298 | D:2      | 298 ||| Stepping randomly (stuck).
   299 | D:2      | 299 ||| Stepping randomly (stuck).
   300 | D:2      | 300 ||| Stepping randomly (stuck).
   301 | D:2      | 301 ||| Stepping randomly (stuck).
   302 | D:2      | 302 ||| Stepping randomly (stuck).
   303 | D:2      | 303 ||| Stepping randomly (stuck).
   304 | D:2      | 304 ||| Stepping randomly (stuck).
   305 | D:2      | 305 ||| Stepping randomly (stuck).
   306 | D:2      | 306 ||| Stepping randomly (stuck).
   307 | D:2      | 307 ||| Stepping randomly (stuck).
   308 | D:2      | 308 ||| Stepping randomly (stuck).
   309 | D:2      | 309 ||| Stepping randomly (stuck).
   310 | D:2      | 310 ||| Stepping randomly (stuck).
   311 | D:2      | 311 ||| Stepping randomly (stuck).
   312 | D:2      | 312 ||| Stepping randomly (stuck).
   313 | D:2      | 313 ||| Stepping randomly (stuck).
   314 | D:2      | 314 ||| Stepping randomly (stuck).
   315 | D:2      | 315 ||| Stepping randomly (stuck).
   316 | D:2      | 316 ||| Stepping randomly (stuck).
   317 | D:2      | 317 ||| Stepping randomly (stuck).
   318 | D:2      | 318 ||| Stepping randomly (stuck).
   319 | D:2      | 319 ||| Stepping randomly (stuck).
   320 | D:2      | 320 ||| Stepping randomly (stuck).
   321 | D:2      | 321 ||| Stepping randomly (stuck).
   322 | D:2      | 322 ||| Stepping randomly (stuck).
   323 | D:2      | 323 ||| Stepping randomly (stuck).
   324 | D:2      | 324 ||| Stepping randomly (stuck).
   325 | D:2      | 325 ||| Stepping randomly (stuck).
   326 | D:2      | 326 ||| Stepping randomly (stuck).
   327 | D:2      | 327 ||| Stepping randomly (stuck).
   328 | D:2      | 328 ||| Stepping randomly (stuck).
   329 | D:2      | 329 ||| Stepping randomly (stuck).
   330 | D:2      | 330 ||| Stepping randomly (stuck).
   331 | D:2      | 331 ||| Stepping randomly (stuck).
   332 | D:2      | 332 ||| Stepping randomly (stuck).
   333 | D:2      | 333 ||| Stepping randomly (stuck).
   334 | D:2      | 334 ||| Stepping randomly (stuck).
   335 | D:2      | 335 ||| Stepping randomly (stuck).
   336 | D:2      | 336 ||| Stepping randomly (stuck).
   337 | D:2      | 337 ||| Stepping randomly (stuck).
   338 | D:2      | 338 ||| Stepping randomly (stuck).
   339 | D:2      | 339 ||| Stepping randomly (stuck).
   340 | D:2      | 340 ||| Stepping randomly (stuck).
   341 | D:2      | 341 ||| Stepping randomly (stuck).
   342 | D:2      | 342 ||| Stepping randomly (stuck).
   343 | D:2      | 343 ||| Stepping randomly (stuck).
   344 | D:2      | 344 ||| Stepping randomly (stuck).
   345 | D:2      | 345 ||| Stepping randomly (stuck).
   346 | D:2      | 346 ||| Stepping randomly (stuck).
   347 | D:2      | 347 ||| Stepping randomly (stuck).
   348 | D:2      | 348 ||| Stepping randomly (stuck).
   349 | D:2      | 349 ||| Stepping randomly (stuck).
   350 | D:2      | 350 ||| Stepping randomly (stuck).
   351 | D:2      | 351 ||| Stepping randomly (stuck).
   352 | D:2      | 352 ||| Stepping randomly (stuck).
   353 | D:2      | 353 ||| Stepping randomly (stuck).
   354 | D:2      | 354 ||| Stepping randomly (stuck).
   355 | D:2      | 355 ||| Stepping randomly (stuck).
   356 | D:2      | 356 ||| Stepping randomly (stuck).
   357 | D:2      | 357 ||| Stepping randomly (stuck).
   358 | D:2      | 358 ||| Stepping randomly (stuck).
   359 | D:2      | 359 ||| Stepping randomly (stuck).
   360 | D:2      | 360 ||| Stepping randomly (stuck).
   361 | D:2      | 361 ||| Stepping randomly (stuck).
   362 | D:2      | 362 ||| Stepping randomly (stuck).
   363 | D:2      | 363 ||| Stepping randomly (stuck).
   364 | D:2      | 364 ||| Stepping randomly (stuck).
   365 | D:2      | 365 ||| Stepping randomly (stuck).
   366 | D:2      | 366 ||| Stepping randomly (stuck).
   367 | D:2      | 367 ||| Stepping randomly (stuck).
   368 | D:2      | 368 ||| Stepping randomly (stuck).
   369 | D:2      | 369 ||| Stepping randomly (stuck).
   370 | D:2      | 370 ||| Stepping randomly (stuck).
   371 | D:2      | 371 ||| Stepping randomly (stuck).
   372 | D:2      | 372 ||| Stepping randomly (stuck).
   373 | D:2      | 373 ||| Stepping randomly (stuck).
   374 | D:2      | 374 ||| Stepping randomly (stuck).
   375 | D:2      | 375 ||| Stepping randomly (stuck).
   376 | D:2      | 376 ||| Stepping randomly (stuck).
   377 | D:2      | 377 ||| Stepping randomly (stuck).
   378 | D:2      | 378 ||| Stepping randomly (stuck).
   379 | D:2      | 379 ||| Stepping randomly (stuck).
   380 | D:2      | 380 ||| Stepping randomly (stuck).
   381 | D:2      | 381 ||| Stepping randomly (stuck).
   382 | D:2      | 382 ||| Stepping randomly (stuck).
   383 | D:2      | 383 ||| Stepping randomly (stuck).
   384 | D:2      | 384 ||| Stepping randomly (stuck).
   385 | D:2      | 385 ||| Stepping randomly (stuck).
   386 | D:2      | 386 ||| Stepping randomly (stuck).
   387 | D:2      | 387 ||| Stepping randomly (stuck).
   388 | D:2      | 388 ||| Stepping randomly (stuck).
   407 | D:2      | Reached skill level 3 in Ranged Weapons
   425 | D:2      | 425 ||| Stepping randomly (stuck).
   426 | D:2      | 426 ||| Stepping randomly (stuck).
   427 | D:2      | 427 ||| Stepping randomly (stuck).
   428 | D:2      | 428 ||| Stepping randomly (stuck).
   429 | D:2      | 429 ||| Stepping randomly (stuck).
   430 | D:2      | 430 ||| Stepping randomly (stuck).
   431 | D:2      | 431 ||| Stepping randomly (stuck).
   432 | D:2      | 432 ||| Stepping randomly (stuck).
   433 | D:2      | 433 ||| Stepping randomly (stuck).
   434 | D:2      | 434 ||| Stepping randomly (stuck).
   435 | D:2      | 435 ||| Stepping randomly (stuck).
   436 | D:2      | 436 ||| Stepping randomly (stuck).
   437 | D:2      | 437 ||| Stepping randomly (stuck).
   438 | D:2      | 438 ||| Stepping randomly (stuck).
   439 | D:2      | 439 ||| Stepping randomly (stuck).
   440 | D:2      | 440 ||| Stepping randomly (stuck).
   441 | D:2      | 441 ||| Stepping randomly (stuck).
   442 | D:2      | 442 ||| Stepping randomly (stuck).
   443 | D:2      | 443 ||| Stepping randomly (stuck).
   444 | D:2      | 444 ||| Stepping randomly (stuck).
   445 | D:2      | 445 ||| Stepping randomly (stuck).
   446 | D:2      | 446 ||| Stepping randomly (stuck).
   447 | D:2      | 447 ||| Stepping randomly (stuck).
   448 | D:2      | 448 ||| Stepping randomly (stuck).
   449 | D:2      | 449 ||| Stepping randomly (stuck).
   450 | D:2      | 450 ||| Stepping randomly (stuck).
   451 | D:2      | 451 ||| Stepping randomly (stuck).
   452 | D:2      | 452 ||| Stepping randomly (stuck).
   453 | D:2      | 453 ||| Stepping randomly (stuck).
   454 | D:2      | 454 ||| Stepping randomly (stuck).
   455 | D:2      | 455 ||| Stepping randomly (stuck).
   456 | D:2      | 456 ||| Stepping randomly (stuck).
   457 | D:2      | 457 ||| Stepping randomly (stuck).
   458 | D:2      | 458 ||| Stepping randomly (stuck).
   459 | D:2      | 459 ||| Stepping randomly (stuck).
   460 | D:2      | 460 ||| Stepping randomly (stuck).
   461 | D:2      | 461 ||| Stepping randomly (stuck).
   462 | D:2      | 462 ||| Stepping randomly (stuck).
   463 | D:2      | 463 ||| Stepping randomly (stuck).
   464 | D:2      | 464 ||| Stepping randomly (stuck).
   465 | D:2      | 465 ||| Stepping randomly (stuck).
   466 | D:2      | 466 ||| Stepping randomly (stuck).
   467 | D:2      | 467 ||| Stepping randomly (stuck).
   468 | D:2      | 468 ||| Stepping randomly (stuck).
   469 | D:2      | 469 ||| Stepping randomly (stuck).
   470 | D:2      | 470 ||| Stepping randomly (stuck).
   471 | D:2      | 471 ||| Stepping randomly (stuck).
   472 | D:2      | 472 ||| Stepping randomly (stuck).
   473 | D:2      | 473 ||| Stepping randomly (stuck).
   474 | D:2      | 474 ||| Stepping randomly (stuck).
   475 | D:2      | 475 ||| Stepping randomly (stuck).
   476 | D:2      | 476 ||| Stepping randomly (stuck).
   477 | D:2      | 477 ||| Stepping randomly (stuck).
   478 | D:2      | 478 ||| Stepping randomly (stuck).
   479 | D:2      | 479 ||| Stepping randomly (stuck).
   480 | D:2      | 480 ||| Stepping randomly (stuck).
   481 | D:2      | 481 ||| Stepping randomly (stuck).
   482 | D:2      | 482 ||| Stepping randomly (stuck).
   483 | D:2      | 483 ||| Stepping randomly (stuck).
   484 | D:2      | 484 ||| Stepping randomly (stuck).
   485 | D:2      | 485 ||| Stepping randomly (stuck).
   486 | D:2      | 486 ||| Stepping randomly (stuck).
   487 | D:2      | 487 ||| Stepping randomly (stuck).
   488 | D:2      | 488 ||| Stepping randomly (stuck).
   489 | D:2      | 489 ||| Stepping randomly (stuck).
   490 | D:2      | 490 ||| Stepping randomly (stuck).
   491 | D:2      | 491 ||| Stepping randomly (stuck).
   492 | D:2      | 492 ||| Stepping randomly (stuck).
   493 | D:2      | 493 ||| Stepping randomly (stuck).
   494 | D:2      | 494 ||| Stepping randomly (stuck).
   495 | D:2      | 495 ||| Stepping randomly (stuck).
   496 | D:2      | 496 ||| Stepping randomly (stuck).
   497 | D:2      | 497 ||| Stepping randomly (stuck).
   498 | D:2      | 498 ||| Stepping randomly (stuck).
   499 | D:2      | 499 ||| Stepping randomly (stuck).
   500 | D:2      | 500 ||| Stepping randomly (stuck).
   501 | D:2      | 501 ||| Stepping randomly (stuck).
   502 | D:2      | 502 ||| Stepping randomly (stuck).
   503 | D:2      | 503 ||| Stepping randomly (stuck).
   504 | D:2      | 504 ||| Stepping randomly (stuck).
   505 | D:2      | 505 ||| Stepping randomly (stuck).
   506 | D:2      | 506 ||| Stepping randomly (stuck).
   507 | D:2      | 507 ||| Stepping randomly (stuck).
   511 | D:2      | 511 ||| FLEEEEING.
   512 | D:2      | 512 ||| FLEEEEING.
   513 | D:2      | 513 ||| FLEEEEING.
   514 | D:2      | 514 ||| FLEEEEING.
   517 | D:2      | 517 ||| FLEEEEING.
   519 | D:2      | 519 ||| FLEEEEING.
   520 | D:2      | 520 ||| FLEEEEING.
   521 | D:2      | 521 ||| FLEEEEING.
   522 | D:2      | 522 ||| FLEEEEING.
   523 | D:2      | 523 ||| STAIRDANCE
   576 | D:1      | Found Tuobept's Book Shoppe.
   657 | D:1      | Reached XP level 3. HP: 20/21 MP: 4/4
   677 | D:1      | Found a faded altar of an unknown god.
   714 | D:1      | 714 ||| READING scroll labelled PEHEMU DUSEKEX.
  1211 | D:1      | 1211 ||| UPGRADING to +0 leather armour.
  1221 | D:1      | 1221 ||| DROPPING +0 robe.
  1222 | D:1      | 1222 ||| READING scroll labelled GEKHLOAPLIU.
  1223 | D:1      | 1223 ||| READING scroll labelled NIEDWOT JOYDY.
  1224 | D:1      | 1224 ||| READING scroll labelled LOZIOL ASANK.
  1267 | D:2      | Found an iron altar of Okawaru.
  1269 | D:2      | 1269 ||| PLANNING OKAWARU WORSHIP
  1287 | D:2      | Reached XP level 4. HP: 21/26 MP: 5/5
  1306 | D:2      | Became a worshipper of Warmaster Okawaru
  1307 | D:2      | 1307 ||| PLANNING D:1-11
  1461 | D:2      | Reached skill level 4 in Ranged Weapons
  1692 | D:2      | Found Zyoxt's Armour Shoppe.
  1697 | D:2      | 1697 ||| BUYING +0 ring mail (44 gold).
  1697 | D:2      | Bought a +0 ring mail for 44 gold pieces
  1697 | D:2      | 1697 ||| SHOPLISTING +0 ring mail of fire resistance (121
                  | gold, have 62).
  1970 | D:2      | 1970 ||| UPGRADING to +0 ring mail.
  1980 | D:2      | 1980 ||| DROPPING +0 leather armour.
  1981 | D:2      | 1981 ||| READING scroll labelled JEOPRU WUPABE.
  1982 | D:2      | 1982 ||| DRINKING 2 orange potions.
  1983 | D:2      | 1983 ||| READING 2 scrolls of identify.
  1983 | D:2      | 1983 ||| IDENTIFYING sapphire potion
  2139 | D:3      | Reached skill level 1 in Armour
  2229 | D:3      | Noticed Ijyb
  2233 | D:3      | 2233 ||| DRINKING potion of cancellation.
  2236 | D:3      | 2236 ||| FLEEEEING.
  2237 | D:3      | 2237 ||| FLEEEEING.
  2238 | D:3      | 2238 ||| FLEEEEING.
  2239 | D:3      | 2239 ||| FLEEEEING.
  2240 | D:3      | 2240 ||| FLEEEEING.
  2241 | D:3      | 2241 ||| FLEEEEING.
  2242 | D:3      | 2242 ||| FLEEEEING.
  2243 | D:3      | 2243 ||| FLEEEEING.
  2244 | D:3      | 2244 ||| FLEEEEING.
  2245 | D:3      | 2245 ||| FLEEEEING.
  2246 | D:3      | 2246 ||| FLEEEEING.
  2247 | D:3      | 2247 ||| FLEEEEING.
  2248 | D:3      | 2248 ||| FLEEEEING.
  2249 | D:3      | 2249 ||| FLEEEEING.
  2250 | D:3      | 2250 ||| FLEEEEING.
  2251 | D:3      | 2251 ||| FLEEEEING.
  2252 | D:3      | 2252 ||| FLEEEEING.
  2253 | D:3      | 2253 ||| FLEEEEING.
  2260 | D:3      | 2260 ||| READING scroll of teleportation.
  2261 | D:3      | 2261 ||| FLEEEEING.
  2262 | D:3      | 2262 ||| FLEEEEING.
  2263 | D:3      | 2263 ||| FLEEEEING.
  2264 | D:3      | 2264 ||| FLEEEEING.
  2265 | D:3      | 2265 ||| FLEEEEING.
  2266 | D:3      | 2266 ||| FLEEEEING.
  2269 | D:3      | 2269 ||| FLEEEEING.
  2270 | D:3      | 2270 ||| FLEEEEING.
  2271 | D:3      | 2271 ||| FLEEEEING.
  2272 | D:3      | 2272 ||| FLEEEEING.
  2273 | D:3      | 2273 ||| FLEEEEING.
  2274 | D:3      | 2274 ||| FLEEEEING.
  2275 | D:3      | 2275 ||| FLEEEEING.
  2280 | D:3      | HP: 2/26 [Ijyb/+0 dagger (5)]
  2280 | D:3      | Slain by a kobold

Levels and vault maps discovered:
D:1:      dpeg_arrival_concentric_ovals, layout_loops_ring,
          shapermc_ecumenical_altar_acropolis, serial_shops,
          nicolae_shop_advertising_works [nicolae_subvault_shop_adworks]
D:2:      layout_loops_ring, serial_shops, nicolae_shop_hallway_plus,
          basic_altar, dk_vineyard_2
D:3:      layout_loops_cross, uniq_ijyb

Skill      XL: |  1  2  3  4 |
---------------+-------------+-----
Ranged Weapons | 3 4 |  4.2
Fighting       | 2 |  2.0
Armour         | 1 |  1.3
Dodging        | |  1.5
Spellcasting   | |  1.0
Hexes          | |  2.6

Action                     |  1- 3 |  4- 6 || total
---------------------------+-------+-------++-------
  Melee: Unarmed           |       |     5 ||     5
   Fire: Sling             |   128 |    88 ||   216
    Use: Scroll            |     6 |     3 ||     9
         Potion            |     1 |     2 ||     3
 Armour: Robe              |    12 |       ||    12
         Leather armour    |     2 |     8 ||    10
         Ring mail         |       |    16 ||    16
  Dodge: Dodged            |    31 |    31 ||    62

Table legend:
 A = Non-vault XP
 B = Vault XP
 C = Vault XP percentage of total XP
 D = Non-vault monster count
 E = Vault monster count
 F = Vault count percentage of total count
                 A         B        C        D         E       F
            +---------+---------+-------+---------+---------+-------
      Total |     146 |       0 |   0.0 |      50 |       0 |   0.0
            +---------+---------+-------+---------+---------+-------
        D:1 |      54 |       0 |   0.0 |      25 |       0 |   0.0
        D:2 |      63 |       0 |   0.0 |      22 |       0 |   0.0
        D:3 |      29 |       0 |   0.0 |       3 |       0 |   0.0
            +---------+---------+-------+---------+---------+-------
